 Dungeon Crawl Stone Soup version 0.17-a0-1373-g64d4c99 (webtiles) character file.

164667 Chiseanne the Carver (level 17, -4/112 HPs)
             Began as a White Draconian Assassin on June 13, 2015.
             Was an Initiate of Gozag.
             Slain by a faun
             ... wielding a +0 spear
              (10 damage)
             ... on level 1 of the Shoals.
             The game lasted 03:06:20 (45580 turns).

Chiseanne the Carver (White Draconian Assassin)    Turns: 45580, Time: 03:06:20

Health: -4/112     AC: 21    Str: 17    XL:     17   Next: 26%
Magic:  0/24       EV: 25    Int: 13    God:    Gozag
Gold:   3124       SH:  0    Dex: 23    Spells: 10 memorised, 2 levels left

rFire  + . .     SeeInvis +     s - +5 scimitar of Intimidation {slice, rN+ Str+4 Dex+4 Stlth+}
rCold  + . .     Clarity  .     (armour unavailable)
rNeg   + + +     SustAt   .     (no shield)
rPois  +         Gourm    .     L - +3 crown of Eternal Torment {rTorment HP-- rN+++ SInv *Curse}
rElec  .         Spirit   +     C - +2 cloak
rCorr  .         Warding  .     G - +2 pair of gloves
rMut   .         Stasis   .     t - +2 pair of boots
MR     ++...                    V - amulet of guardian spirit
Stlth  ++++++....               R - ring of poison resistance
                                P - ring of protection from magic

@: very resistant to hostile enchantments, very stealthy
A: breathe frost, unfitting armour, cold resistance 1, fire resistance 1,
cold-blooded, AC +9
a: Breathe Frost, Potion Petition, Call Merchant, Bribe Branch, Renounce
Religion


You were on level 1 of the Shoals.
You worshipped Gozag.
Gozag was noncommittal.
You were not hungry.

You visited 5 branches of the dungeon, and saw 30 of its levels.
You also visited: Labyrinth and Ice Cave.

You collected 11315 gold pieces.
You spent 7261 gold pieces at shops.
You paid 930 gold pieces to Gozag.

Inventory:

Hand weapons
 a - the +9 dagger of Chilly Death {flash freeze, rPois rF- rC++ MR+}
   (You bought it in a shop on level 2 of the Shoals)

   It has been specially enchanted to freeze those struck by it, causing extra
   injury to most foes and up to half again as much damage against particularly
   susceptible opponents.
   It can also slow down cold-blooded creatures.
   It makes you vulnerable to fire.
   It greatly protects you from cold.
   It protects you from poison.
   It affects your resistance to hostile enchantments.
 d - a +5 scimitar of flaming
 e - the +6 hand crossbow of Bokh {penet, rElec Dex+4}
   (You bought it in a shop on level 4 of the Orcish Mines)

   Ammo fired by it will pass through the targets it hits, potentially hitting
   all targets in its path until it reaches maximum range.
   It affects your dexterity (+4).
   It insulates you from electricity.
 f - the +9 scimitar of Purpose {slice, MP+9}
   (You bought it in a shop on level 2 of the Shoals)

   It inflicts extra damage upon your enemies.
   It affects your magic capacity (+9).
 s - the +5 scimitar of Intimidation (weapon) {slice, rN+ Str+4 Dex+4 Stlth+}
   (You bought it in a shop on level 14 of the Dungeon)

   It inflicts extra damage upon your enemies.
   It affects your strength (+4).
   It affects your dexterity (+4).
   It protects you from negative energy.
   It makes you more stealthy.
 w - a +0 blowgun
Missiles
 g - 114 bolts
 I - 27 sling bullets
 Q - 2 throwing nets
 T - 7 exploding tomahawks (quivered)
 W - 2 curare-tipped needles
 Y - 84 poisoned needles
Armour
 t - a +2 pair of boots (worn)
 C - a +2 cloak (worn)
 G - a +2 pair of gloves (worn)
 L - the +3 crown of Eternal Torment (worn) {rTorment HP-- rN+++ SInv *Curse}
   (You found it on level 6 of the Dungeon)

   It renders you almost immune to negative energy.
   It lets you see invisible.
   It may re-curse itself when equipped.
Jewellery
 K - an uncursed amulet of clarity
 P - a ring of protection from magic (left hand)
 R - a ring of poison resistance (right hand)
 V - an amulet of guardian spirit (around neck)
Magical devices
 j - a wand of heal wounds (3)
 m - a wand of teleportation (3)
 x - a wand of heal wounds (0)
 A - a wand of paralysis (9)
 F - a wand of digging (6)
 M - a wand of draining (8)
Scrolls
 b - 8 scrolls of fog
 c - a scroll of holy word
 h - 4 scrolls of blinking
 k - 2 scrolls of amnesia
 o - a scroll of magic mapping
 p - a scroll of immolation
 r - 6 scrolls of fear
 u - 2 scrolls of enchant weapon
 y - 3 scrolls of summoning
 z - 18 scrolls of remove curse
 B - 6 scrolls of teleportation
 J - 5 scrolls of recharging
 S - 9 scrolls of identify
Potions
 i - 10 potions of curing
 n - 4 potions of flight
 q - a potion of invisibility
 D - 5 potions of berserk rage
 E - a potion of cancellation
 H - a potion of lignification
 N - 5 potions of resistance
Miscellaneous
 O - a fan of gales (inert)
Comestibles
 l - a bread ration
 v - 10 meat rations


   Skills:
 - Level 10.6 Fighting
 - Level 2.0(9.5) Short Blades
 - Level 14.0(14.1) Long Blades
 + Level 7.9 Crossbows
 - Level 5.5 Throwing
 - Level 12.7 Dodging
 - Level 13.5 Stealth
   Level 5.2 Shields
 - Level 5.1 Spellcasting
 + Level 7.5 Hexes
 - Level 5.7 Translocations


You had 2 spell levels left.
You knew the following spells:

 Your Spells              Type           Power        Failure   Level  Hunger
a - Apportation           Tloc           ###.......   1%          1    None
b - Blink                 Tloc           N/A          2%          2    ##.....
c - Teleport Other        Tloc           ###.....     6%          3    ###....
d - Shroud of Golubria    Chrm/Tloc      ##........   10%         2    ##.....
e - Repel Missiles        Chrm/Air       #.....       30%         2    ##.....
f - Cure Poison           Pois           #.........   30%         2    ##.....
g - Portal Projectile     Tloc           ###...       6%          3    ###....
h - Passage of Golubria   Tloc           N/A          17%         4    ####...
i - Ensorcelled Hibernat  Hex/Ice        ##....       8%          2    ##.....
j - Confuse               Hex            ###.....     2%          3    ###....


Dungeon Overview and Level Annotations

Branches:
Dungeon (15/15)            Temple (1/1) D:4            Lair (8/8) D:10
 Shoals (2/4) Lair:5        Snake (0/4) Lair:4        Slime (0/6) Lair:6
    Orc (4/4) D:12            Elf (0/3) Orc:3        Vaults (0/5) D:13
 Depths (0/5) D:15

Altars:
Ashenzari
Cheibriados
Dithmenos
Elyvilon
Fedhas
Gozag
Kikubaaqudgha
Makhleb
Nemelex Xobeh
Okawaru
Qazlal
Ru
Sif Muna
Trog
Vehumet
Xom
Yredelemnul
Zin
The Shining One
Beogh
Jiyva

Shops:
D:7 *   D:14 (   D:15 ?   Orc:2 [   Orc:4 [*:(   Shoals:2 (

Portals:
Hell: Lair:8

Annotations:
D:12 exclusion: downstairs
Lair:6 1 runed door


Innate Abilities, Weirdness & Mutations

You can breathe waves of freezing cold.
You can buffet flying creatures when you breathe cold.
Your icy white scales are hard (AC +9).
Your body does not fit into most forms of armour.
Your flesh is cold resistant.
You are cold-blooded and may be slowed by cold attacks.
Your flesh is heat resistant.


Message History

The faun barely misses you.
The snapping turtle bites you from afar!!
* * * LOW HITPOINT WARNING * * *
Evoke which item? (* to show all) (? for menu, Esc to quit)
This wand has no charges.
Unknown command.
Unknown command.
Evoke which item? (* to show all) (? for menu, Esc to quit)
Zapping:
j - a wand of heal wounds (4)
Press: ? - help, Shift-Dir - straight line, f - you You feel much better.
This wand has 3 charges left.
The faun unwields an uncursed hunting sling.
The faun wields an uncursed spear.
The faun hits you with an uncursed spear!
* * * LOW HITPOINT WARNING * * *
The merfolk impaler hits you with a trident.
* * * LOW HITPOINT WARNING * * *
The faun hits you with an uncursed spear!
You die...
Your body crumbles into a pile of gold.

≈≈≈≈≈≈≈≈≈≈≈≈≈≈≈≈≈≈≈≈≈.....)..≈≈≈≈
≈≈≈≈≈≈≈≈≈≈≈≈≈≈≈≈≈≈≈≈≈..###...≈≈≈≈
≈≈≈≈≈≈≈≈≈≈≈≈≈≈.≈(≈≈≈≈.## ###.≈≈≈≈
≈≈≈≈≈≈≈≈≈≈≈≈....(>≈≈≈.##** #...≈≈
≈≈.......≈≈≈....≈≈≈≈≈≈...# #..≈≈≈
≈≈.......≈≈≈≈≈≈(≈≈≈≈≈≈...#*##.≈≈≈
≈≈≈.......≈≈≈≈≈((t≈≈≈≈≈...# #.≈≈≈
≈≈≈≈........≈≈≈≈(c≈≈≈≈≈≈..#*#.≈≈≈
≈≈...........≈.c@$≈≈≈≈≈≈≈≈....≈≈≈
≈..≈...........ccm.≈≈≈[≈≈≈...≈≈≈≈
≈≈≈≈................≈≈...,≈≈≈≈≈≈≈
≈≈≈≈...............$≈≈≈≈,≈≈≈≈≈≈≈≈
≈≈≈≈≈....≈......!....≈≈≈,,≈≈≈≈≈≈≈
≈≈≈≈≈≈≈..≈..............,,,,,≈≈≈≈
≈≈≈≈≈≈............((((.#**,,,,≈≈≈
≈,≈≈≈≈..................**,,,,,≈≈
≈≈≈≈≈≈.............,,,,,,,,,,≈≈≈≈


You could see a merfolk impaler, a snapping turtle and 4 fauns.

Vanquished Creatures
  Saint Roka (Orc:4)
  Rupert (Lair:6)
  An Ice Fiend (IceCv)
  Gastronok (Lair:1)
  An orc warlord (Orc:4)
  A dire elephant (Lair:8)
  Snorg (Lair:6)
  A minotaur (Lab)
  Josephine (Orc:3)
  5 hydras
  Erolcha (D:8)
  An ogre mage (D:15)
  Erica (D:9)
  A centaur warrior (D:14)
  A tengu warrior (D:13)
  An orc high priest (Orc:4)
  4 ice devils (IceCv)
  Sonja (Orc:3)
  2 skeletal warriors
  A sea snake (Shoals:1)
  A phantasmal warrior (D:15)
  4 ice statues
  5 orc knights
  4 lindwurms (Lair:6)
  A wizard (Lair:8)
  Pikel (D:5)
  6 hill giants
  4 manticores
  A necromancer (D:15)
  6 griffons
  4 ugly things
  A faun (Shoals:2)
  7 orc sorcerers
  A cyclops (D:14)
  A sphinx skeleton (D:15)
  2 water nymphs (Shoals:2)
  A sixfirhy (Lair:8)
  8 elephants
  8 black mambas
  A siren (Shoals:1)
  Maurice (Orc:2)
  An octopode (shapeshifter) (D:15)
  A smoke demon (Lair:8)
  11 komodo dragons
  3 orange demons (Lair:8)
  3 centaur skeletons
  16 spiny frogs
  An anaconda simulacrum (IceCv)
  An efreet (D:14)
  A tengu conjurer (D:14)
  9 trolls
  A guardian mummy (D:15)
  3 red devils (Lair:8)
  A kobold demonologist (D:13)
  A minotaur zombie (Lab)
  6 merfolk
  2 yaktaur skeletons (D:15)
  2 freezing wraiths (D:14)
  A polar bear (Lair:5)
  8 blue devils
  2 fire drakes (Lair:8)
  5 snapping turtles
  4 two-headed ogres
  A blink frog (shapeshifter) (D:15)
  18 slime creatures
  13 blink frogs
  17 humans
  A deep troll skeleton (D:15)
  3 wyverns
  3 dire elephant simulacra (IceCv)
  4 deep elf magi
  A water elemental (Shoals:1)
  4 wraiths
  4 wargs
  2 basilisks
  Grum (D:11)
  A steam dragon (D:12)
  68 yaks
  2 hungry ghosts
  A harpy simulacrum (IceCv)
  A centaur simulacrum (D:15)
  Menkaure (D:5)
  19 hippogriffs
  2 nagas (Lair:4)
  4 vampire mosquitoes
  A deep elf fighter (D:14)
  Edmund (D:5)
  17 wolves
  2 iron troll simulacra (IceCv)
  34 orc warriors
  A hydra simulacrum (IceCv)
  13 porcupines
  A wasp (D:11)
  22 water moccasins
  A black bear (D:10)
  2 phantoms
  3 eyes of draining
  A boggart (D:13)
  2 sky beasts
  12 ogres
  2 ettin simulacra (IceCv)
  5 ice beasts
  9 centaurs
  3 big kobolds
  17 crocodiles
  Blork the orc (Orc:4)
  A wyvern zombie (D:7)
  21 giant frogs
  2 scorpions
  A wyvern skeleton (D:13)
  9 wights
  7 killer bees (D:13)
  6 electric eels
  9 crimson imps
  2 centaur zombies
  30 orc priests
  10 hounds
  2 jellies
  3 giant frog zombies
  8 iguanas
  30 orc wizards
  3 giant frog skeletons
  Terence (D:5)
  15 worker ants
  18 sheep
  A hound zombie (D:5)
  A worker ant zombie (D:6)
  A hound skeleton (D:8)
  23 gnolls
  32 river rats
  7 adders
  5 shadow imps
  An adder skeleton (D:4)
  2 worms
  4 giant geckos
  195 orcs
  2 ball pythons
  9 bats
  A bat skeleton (D:6)
  5 giant cockroaches
  20 goblins
  26 hobgoblins
  9 jackals
  5 quokkas
  A ball python skeleton (D:5)
  A giant newt (D:1)
  A jackal skeleton (D:7)
  26 kobolds
  9 rats
  9 fungi
  9 plants
1083 creatures vanquished.

Vanquished Creatures (collateral kills)
  A hydra (Lair:6)
  A hellwing (Lair:8)
  2 slime creatures (D:12)
4 creatures vanquished.

Vanquished Creatures (others)
  A gnoll shaman (Orc:4)
  A kobold (D:5)
  5 fungi
  A plant (Lair:8)
8 creatures vanquished.

Grand Total: 1095 creatures vanquished

Notes
Turn   | Place    | Note
--------------------------------------------------------------
     0 | D:1      | Chiseanne the Draconian Assassin began the quest for the Orb.
     0 | D:1      | Reached XP level 1. HP: 17/17 MP: 1/1
    46 | D:1      | Reached skill level 1 in Dodging
   273 | D:1      | Reached skill level 4 in Stealth
   357 | D:1      | Reached XP level 2. HP: 24/24 MP: 2/2
   566 | D:1      | Gained mutation: Your flesh is heat resistant. [potion of beneficial mutation]
   862 | D:2      | Reached XP level 3. HP: 25/29 MP: 3/3
   912 | D:2      | Found a white marble altar of Elyvilon.
  1064 | D:2      | Found a faded altar to an unknown god.
  1293 | D:2      | Found a blossoming altar of Fedhas.
  1300 | D:2      | Found a glowing silver altar of Zin.
  1305 | D:2      | Found a shimmering altar of Xom.
  1316 | D:2      | Found a snail-covered altar of Cheibriados.
  1323 | D:2      | Found a white marble altar of Elyvilon.
  1328 | D:2      | Found a sparkling altar of Nemelex Xobeh.
  1335 | D:2      | Found a radiant altar of Vehumet.
  1889 | D:3      | Found a shadowy altar of Dithmenos.
  2057 | D:3      | Noticed Terence
  2127 | D:3      | Reached XP level 4. HP: 36/36 MP: 4/4
  2184 | D:4      | Noticed a phantom
  2200 | D:4      | Reached skill level 5 in Stealth
  2219 | D:4      | Killed a phantom
  2219 | D:4      | Reached XP level 5. HP: 10/41 MP: 5/5
  2517 | D:4      | Found a sacrificial altar of Ru.
  2581 | D:4      | Reached skill level 6 in Stealth
  2581 | D:4      | Reached XP level 6. HP: 48/48 MP: 6/6
  2773 | D:4      | Found a staircase to the Ecumenical Temple.
  2832 | Temple   | Entered the Ecumenical Temple
  2883 | Temple   | Became a worshipper of Gozag Ym Sagoz the Greedy
  3121 | D:4      | Found a basalt altar of Yredelemnul.
  3769 | D:5      | Entered Level 5 of the Dungeon
  3769 | D:5      | Noticed Menkaure
  3770 | D:5      | Your scales start taking on an icy white colour.
  3770 | D:5      | Gained mutation: Your flesh is cold resistant. [White Draconian growth]
  3770 | D:5      | Reached XP level 7. HP: 55/55 MP: 7/7
  3780 | D:5      | Killed Menkaure
  3780 | D:5      | Reached skill level 7 in Stealth
  4388 | D:5      | Killed Terence
  4464 | D:5      | Noticed Pikel
  4475 | D:5      | Killed Pikel
  4475 | D:5      | Reached skill level 5 in Dodging
  4475 | D:5      | Reached skill level 8 in Stealth
  4475 | D:5      | Reached XP level 8. HP: 61/61 MP: 8/8
  4642 | D:5      | Noticed Edmund
  4675 | D:5      | Killed Edmund
  5171 | D:6      | Reached skill level 9 in Stealth
  5727 | D:6      | Found an iron altar of Okawaru.
  5923 | D:6      | Found Raekh's Magic Scroll Shoppe.
  6052 | D:6      | Bought a scroll of identify for 26 gold pieces
  6052 | D:6      | Bought a scroll of identify for 26 gold pieces
  6052 | D:6      | Bought a scroll of identify for 26 gold pieces
  6052 | D:6      | Bought a scroll of identify for 26 gold pieces
  6052 | D:6      | Bought a scroll of amnesia for 45 gold pieces
  6052 | D:6      | Bought a scroll of recharging for 123 gold pieces
  6052 | D:6      | Bought a scroll of enchant weapon for 97 gold pieces
  6052 | D:6      | Bought a scroll of amnesia for 45 gold pieces
  6052 | D:6      | Bought a scroll of torment for 97 gold pieces
  6052 | D:6      | Bought a scroll of noise for 13 gold pieces
  6052 | D:6      | Bought a scroll of remove curse for 39 gold pieces
  6295 | D:6      | Reached XP level 9. HP: 51/68 MP: 9/9
  6799 | D:7      | Noticed an angel
  6807 | D:7      | Found Huarhaosk's Hallowed Reliquary.
  6807 | D:7      | Found a white marble altar of Elyvilon.
  7307 | D:7      | Bought a potion of heal wounds for 70 gold pieces
  7307 | D:7      | Bought a scroll of holy word for 105 gold pieces
  7307 | D:7      | Bought a potion of heal wounds for 70 gold pieces
  7656 | D:7      | Reached skill level 10 in Stealth
  7713 | D:7      | Identified the Reference Book on Floating Creation (You found it on level 7 of the Dungeon)
  7720 | D:7      | Learned a level 1 spell: Apportation
  7723 | D:7      | Learned a level 2 spell: Repel Missiles
  7971 | D:8      | Noticed Erolcha
  7990 | D:8      | Reached skill level 1 in Translocations
  8199 | D:8      | Killed Erolcha
  8357 | D:8      | Reached XP level 10. HP: 63/79 MP: 10/10
  9161 | D:9      | Noticed Erica
  9183 | D:9      | Killed Erica
  9183 | D:9      | Reached skill level 11 in Stealth
  9727 | D:9      | Identified the Guide on Cankerous Slavery
  9793 | D:10     | Entered Level 10 of the Dungeon
 10105 | D:10     | Found a staircase to the Lair.
 10158 | Lair:1   | Entered Level 1 of the Lair of Beasts
 10164 | Lair:1   | Reached skill level 5 in Fighting
 10451 | Lair:1   | Reached skill level 10 in Dodging
 11166 | Lair:1   | Reached XP level 11. HP: 70/88 MP: 11/11
 12307 | Lair:1   | Noticed Gastronok
 12371 | Lair:1   | Killed Gastronok
 13519 | Lair:2   | Reached skill level 12 in Stealth
 13906 | Lair:2   | Reached skill level 1 in Long Blades
 14763 | D:7      | Bought a wand of heal wounds (6) for 840 gold pieces
 15025 | Lair:3   | Noticed a five-headed hydra
 15036 | Lair:3   | Killed a four-headed hydra
 15061 | Lair:3   | Reached skill level 5 in Long Blades
 15434 | Lair:3   | Reached XP level 12. HP: 34/97 MP: 12/12
 16738 | Lair:4   | Found a staircase to the Snake Pit.
 17783 | D:7      | Bought 2 potions of cure mutation for 980 gold pieces
 18452 | D:10     | Found a burning altar of Makhleb.
 18454 | D:10     | Noticed a blizzard demon
 18795 | D:11     | Noticed Grum
 18831 | D:11     | Killed Grum
 18831 | D:11     | Reached skill level 10 in Long Blades
 20705 | Lair:5   | Found a labyrinth entrance.
 20733 | Lab      | Entered a labyrinth
 21400 | Lab      | Noticed a minotaur
 21405 | Lab      | Killed a minotaur
 21438 | Lab      | Got a heavily runed shield
 21445 | Lab      | Identified the +0 shield of Midwinter {rElec rPois MR- Dex-3} (You found it in a labyrinth)
 21453 | Lab      | Learned a level 2 spell: Blink
 21456 | Lab      | Learned a level 2 spell: Shroud of Golubria
 21629 | Lair:5   | Reached XP level 13. HP: 83/104 MP: 13/13
 22033 | Lair:5   | Found a staircase to the Shoals.
 22490 | Lair:6   | Found a runed door.
 22491 | Lair:6   | Found a viscous altar of Jiyva.
 22497 | Lair:6   | Found a staircase to the Slime Pits.
 22643 | Lair:6   | Reached skill level 13 in Long Blades
 22718 | Lair:6   | Noticed Snorg
 22729 | Lair:6   | Killed Snorg
 22735 | Lair:6   | Noticed Rupert
 22742 | Lair:6   | Killed Rupert
 23011 | Lair:6   | Reached skill level 14 in Long Blades
 23698 | Lair:7   | Learned a level 3 spell: Teleport Other
 23701 | Lair:7   | Learned a level 2 spell: Cure Poison
 24608 | Lair:8   | Entered Level 8 of the Lair of Beasts
 24702 | Lair:8   | Reached skill level 10 in Fighting
 25540 | Lair:8   | Reached XP level 14. HP: 93/122 MP: 12/14
 25668 | Lair:8   | Reached skill level 1 in Spellcasting
 26109 | Lair:8   | Noticed a dire elephant
 26145 | Lair:8   | Killed a dire elephant
 26893 | Lair:8   | Found a burning altar of Makhleb.
 27063 | Lair:8   | Found a gateway to Hell.
 27781 | Lair:1   | Learned a level 3 spell: Portal Projectile
 28958 | D:7      | Bought a wand of heal wounds (4) for 672 gold pieces
 28958 | D:7      | Bought 3 silver tomahawks for 63 gold pieces
 28958 | D:7      | Bought 7 silver tomahawks for 147 gold pieces
 29539 | D:12     | Found a staircase to the Orcish Mines.
 29542 | Orc:1    | Entered Level 1 of the Orcish Mines
 29589 | Orc:1    | Reached skill level 5 in Spellcasting
 29939 | Orc:1    | Found a roughly hewn altar of Beogh.
 30450 | Orc:2    | Found a roughly hewn altar of Beogh.
 30649 | Orc:2    | Found Ziesir's Armour Emporium.
 30877 | Orc:2    | Noticed Maurice
 30893 | Orc:2    | Killed Maurice
 31118 | Orc:3    | Found a roughly hewn altar of Beogh.
 31276 | Orc:3    | Noticed Josephine
 31284 | Orc:3    | Killed Josephine
 31393 | Orc:3    | Noticed Sonja
 31413 | Orc:3    | Killed Sonja
 31605 | Orc:3    | Found a staircase to the Elven Halls.
 31944 | Orc:3    | Reached skill level 5 in Translocations
 32143 | Orc:4    | Entered Level 4 of the Orcish Mines
 32276 | Orc:4    | Noticed an orc warlord
 32349 | Orc:4    | Killed an orc warlord
 32690 | Orc:4    | Found a roughly hewn altar of Beogh.
 33028 | Orc:4    | Reached XP level 15. HP: 64/128 MP: 10/22
 33739 | Orc:4    | Noticed Blork the orc
 33742 | Orc:4    | Noticed Saint Roka
 34428 | Lair:1   | Learned a level 4 spell: Passage of Golubria
 35429 | Orc:4    | Killed Saint Roka
 35429 | Orc:4    | Reached skill level 5 in Throwing
 35504 | Orc:4    | Found a roughly hewn altar of Beogh.
 35525 | Orc:4    | Killed Blork the orc
 35595 | Orc:4    | Found Hocvirch's General Store.
 35603 | Orc:4    | Bought a scroll of fear for 56 gold pieces
 35603 | Orc:4    | Bought 2 scrolls of recharging for 304 gold pieces
 35603 | Orc:4    | Bought a beef jerky for 24 gold pieces
 35603 | Orc:4    | Bought a scroll of fear for 56 gold pieces
 35603 | Orc:4    | Bought a scroll of teleportation for 48 gold pieces
 35615 | Orc:4    | Found Seguder's Antique Weapon Shop.
 35630 | Orc:4    | Bought a twisted hand crossbow for 289 gold pieces
 35634 | Orc:4    | Identified the +6 hand crossbow of Bokh {penet, rElec Dex+4} (You bought it in a shop on level 4 of the Orcish Mines)
 35655 | Orc:4    | Found Moho's Book Shop.
 35658 | Orc:4    | Found Hoekogob's Antique Armour Shop.
 35711 | Orc:4    | Bought an embroidered cloak for 171 gold pieces
 36754 | Orc:4    | Bought a book of Maledictions for 350 gold pieces
 36758 | Orc:4    | Learned a level 2 spell: Ensorcelled Hibernation
 37109 | Lair:1   | Learned a level 3 spell: Confuse
 37382 | D:13     | Found a gate to the Vaults.
 37480 | D:13     | Reached skill level 1 in Crossbows
 37499 | D:13     | Reached skill level 1 in Hexes
 39126 | D:14     | Found a shimmering altar of Xom.
 39630 | D:14     | Reached skill level 5 in Crossbows
 39695 | D:14     | Found Rollicee's Antique Weapon Boutique.
 39734 | D:14     | Bought an ancient scimitar for 180 gold pieces
 39738 | D:14     | Identified the +5 scimitar of Intimidation {slice, rN+ Str+4 Dex+4 Stlth+} (You bought it in a shop on level 14 of the Dungeon)
 40006 | D:15     | Entered Level 15 of the Dungeon
 40006 | D:15     | Found Apumyxzo's Magic Scroll Shoppe.
 40064 | D:15     | Found a staircase to the Depths.
 40089 | D:15     | Reached skill level 5 in Hexes
 40111 | D:15     | Bought a scroll of summoning for 161 gold pieces
 40111 | D:15     | Bought a scroll of identify for 34 gold pieces
 40111 | D:15     | Bought a scroll of fog for 34 gold pieces
 40111 | D:15     | Bought a scroll of fog for 34 gold pieces
 40111 | D:15     | Bought a scroll of identify for 34 gold pieces
 40111 | D:15     | Bought a scroll of identify for 34 gold pieces
 40111 | D:15     | Bought a scroll of identify for 34 gold pieces
 40111 | D:15     | Bought a scroll of identify for 34 gold pieces
 42377 | Shoals:1 | Entered Level 1 of the Shoals
 42566 | Shoals:1 | Reached XP level 16. HP: 55/135 MP: 15/23
 42591 | Shoals:1 | Found a frozen archway.
 42600 | IceCv    | Entered an ice cave
 44332 | IceCv    | Noticed an Ice Fiend
 44344 | IceCv    | Killed an Ice Fiend
 44362 | IceCv    | Got an ichor-stained hand axe
 44605 | IceCv    | Reached skill level 5 in Shields
 44605 | IceCv    | Reached XP level 17. HP: 112/141 MP: 24/24
 45499 | Shoals:2 | Found Luunwuby's Weapon Shop.
 45508 | Shoals:2 | Bought the +9 scimitar of Purpose {slice, MP+9} for 812 gold pieces
 45508 | Shoals:2 | Bought the +9 dagger of Chilly Death {flash freeze, rPois rF- rC++ MR+} for 1062 gold pieces
 45515 | Shoals:2 | Identified the +6 hand axe of Grace {chop, rC- Str+4} (You found it in an ice cave)
 45579 | Shoals:1 | HP: 2/112 [snapping turtle (25)]
 45580 | Shoals:1 | Slain by a faun

Vault maps used:
D:1:      minmay_arrival_stone_box, kennysheep_boxes
D:2:      grunt_temple_overflow_octagram, ecumenical_altar_2, elyvilon_altar_3
D:3:      nicolae_overflow_hidden_temple, uniq_terence
D:4:      nicolae_ru_great_annihilating_truth, yredelemnul_altar_generic,
          minmay_temple_entry_hall
D:5:      first_bread, uniq_pikel, uniq_menkaure, uniq_edmund
D:6:      okawaru_altar_gauntlet_db, serial_shops, shop, small_statue_alley_b
D:7:      nicolae_good_shop
D:8:      grunt_pizzeria, uniq_erolcha
D:9:      minmay_weird_star, uniq_erica
D:10:     lair_0_dummy, dk_noncrumbling_2, makhleb_altar_promises_db
D:11:     st_stairs_9, uniq_grum
D:12:     orc_0_dummy
D:13:     david_vaults_3, serial_glass, glass_columns_b, glass_columns_b,
          grunt_decor_resistance
D:14:     serial_shops, shop, tgw_xom
D:15:     gammafunk_depths_entry_grave
Temple:   minmay_temple_bridge_a_8
Lair:1:   beast_lair_carwin_3, grunt_megastairs_5, uniq_gastronok
Lair:4:   minmay_snake_entry_guardpost_small
Lair:5:   minmay_shoals_entry_hut, lab_entry_generic
Lair:6:   slime_altar_2, minmay_lindwurm_lava, uniq_snorg, uniq_rupert
Lair:7:   nicolae_quartered_pool_super
Lair:8:   evil_forest
Shoals:1: portal_ice_cave_entry_ice_statue_02
Shoals:2: serial_shops, shop, nicolae_shoals_square_sea_wall
Orc:1:    basic_altar
Orc:2:    basic_altar, serial_shops, shop_fountains, lemuel_statue_altar,
          uniq_maurice
Orc:3:    nicolae_orc_pool_cavern, mines1_david, uniq_josephine, uniq_sonja
Orc:4:    grunt_orc_cross, david_defended_altar_orc
Lab:      labyrinth_hidden_loot
IceCv:    ice_cave_tombish

Action                   |  1- 3 |  4- 6 |  7- 9 | 10-12 | 13-15 | 16-18 || total
-------------------------+-------+-------+-------+-------+-------+-------++-------
Melee: Dagger            |   131 |   115 |   456 |   604 |   131 |     4 ||  1441
       Scimitar          |       |       |       |   533 |  1863 |   237 ||  2633
       Short sword       |       |       |       |       |    25 |       ||    25
 Fire: Blowgun           |    12 |    32 |   119 |   121 |   179 |       ||   463
       Hand crossbow     |       |       |       |       |   122 |    73 ||   195
Throw: Tomahawk          |       |       |     3 |     7 |   281 |       ||   291
       Javelin           |       |       |       |    15 |       |       ||    15
       Throwing net      |       |       |       |       |       |     1 ||     1
 Cast: Apportation       |       |       |       |     3 |       |     6 ||     9
       Teleport Other    |       |       |       |       |     8 |       ||     8
       Shroud of Golubri |       |       |       |       |     3 |       ||     3
       Repel Missiles    |       |       |       |       |     2 |       ||     2
       Blink             |       |       |       |       |     1 |       ||     1
       Confuse           |       |       |       |       |     3 |     2 ||     5
Invok: Potion Petition   |       |       |       |       |     2 |       ||     2
       Call Merchant     |       |       |       |       |     1 |       ||     1
 Abil: Breathe Frost     |       |       |    18 |    13 |    26 |       ||    57
Evoke: Wand              |       |       |     3 |    14 |    19 |     6 ||    42
       Fan of gales      |       |       |       |       |     1 |     1 ||     2
  Use: Scroll            |     4 |     1 |    12 |     8 |    18 |     3 ||    46
       Potion            |     1 |       |       |    10 |    13 |     3 ||    27
 Stab: Sleeping          |    14 |    12 |    16 |    54 |    54 |     9 ||   159
       Distracted        |       |     2 |     6 |    17 |    37 |       ||    62
       Paralysed         |       |     1 |       |       |       |       ||     1
       Invisible         |       |       |       |     6 |    24 |       ||    30
       Held in net/web   |       |       |       |       |       |     1 ||     1
  Eat: Chunk             |     3 |     3 |       |       |       |       ||     6
       Beef jerky        |       |     1 |     4 |     4 |     1 |     1 ||    11
       Bread ration      |       |     1 |     2 |     4 |    15 |       ||    22
       Pizza             |       |       |       |    11 |       |       ||    11
       Fruit             |       |       |       |     7 |     6 |       ||    13
       Royal jelly       |       |       |       |       |     1 |       ||     1
       Meat ration       |       |       |       |       |       |     2 ||     2
